 Dungeon Crawl Stone Soup version 0.30-b1-2-g02819fbbbe (webtiles) character file.

Game seed: 1075205005876204502

59 LLlMATKO the Ducker (level 3, 0/20 HPs)
             Began as a Spriggan Berserker on May 31, 2023.
             Was a Believer of Trog.
             Slain by a kobold
             ... wielding a +0 short sword
              (1 damage)
             ... on level 3 of the Dungeon.
             The game lasted 00:02:05 (1404 turns).

LLlMATKO the Ducker (Spriggan Berserker)            Turns: 1404, Time: 00:02:05

Health: 0/20       AC:  2    Str: 15    XL:     3   Next: 78%
Magic:  4/4        EV: 26    Int: 11    God:    Trog [**....]
Gold:   59         SH:  0    Dex: 23    Spells: 2/2 levels left

rFire   . . .        a - +0 hand axe
rCold   . . .        (no shield)
rNeg    + . .        b - +0 animal skin
rPois   .            (helmet restricted)
rElec   .            (no cloak)
rCorr   .            (gloves unavailable)
SInv    +            (boots unavailable)
Will    .....        o - amulet of regeneration
Stlth   +++          g - +6 ring of dexterity
HPRegen 1.03/turn    q - ring of Divine Compulsion {rN+ EV+5 Int+3 Dex+3 Stlth+}
MPRegen 0.09/turn

%: no passive effects
@: very quick
A: very small, no large weapons, unfitting armour, see invisible, speed 3
a: Renounce Religion, Berserk, Trog's Hand


You were on level 3 of the Dungeon.
You worshipped Trog.
Trog was pleased with you.
You visited 1 branch of the dungeon, and saw 3 of its levels.

You collected 59 gold pieces.

Inventory:

Hand Weapons
 a - a +0 hand axe (weapon)
Armour
 b - a +0 animal skin (worn)
 f - a +0 chain mail
 r - a +0 chain mail
Jewellery
 g - a +6 ring of dexterity (left hand)
 o - an amulet of regeneration (around neck)
 q - the ring of Divine Compulsion (right hand) {rN+ EV+5 Int+3 Dex+3 Stlth+}
   (You found it on level 2 of the Dungeon)

   [ring of evasion]

   EV:        It affects your evasion (+5).
   Int:       It affects your intelligence (+3).
   Dex:       It affects your dexterity (+3).
   rN:        It protects you from negative energy.
   Stlth:     It makes you more stealthy.
Scrolls
 d - a scroll of magic mapping {unknown}
 i - a scroll of butterflies {unknown}
 k - 3 scrolls of immolation {unknown}
 m - a scroll of identify {unknown}
Potions
 c - a potion of might {unknown}
 e - a potion of cancellation {unknown}
 h - a potion of resistance {unknown}
 j - a potion of degeneration {unknown}
 l - a potion of lignification {unknown}
 n - a potion of heal wounds {unknown}
 p - 2 potions of curing {unknown}


   Skills:
 + Level 3.0 Fighting
 + Level 3.0 Axes
 + Level 4.9 Dodging


You had 2 spell levels left.
You didn't know any spells.
Your spell library was empty.

Dungeon Overview and Level Annotations

Branches:
Dungeon (3/15)

Altars:


Innate Abilities, Weirdness & Mutations

You are very small and have problems with some larger weapons.
You are too small for most types of armour.
You have supernaturally acute eyesight. (SInv)
You cover ground extremely quickly. (Speed+++)


Message History

Found a scroll labelled JIEKUR FEOTATH.
The kobold shouts!
An endoplasm comes into view.
Found 8 gold pieces.
The kobold completely misses you.
You hit the kobold but do no damage. The kobold completely misses you.
The kobold completely misses you. The kobold closely misses you.
The endoplasm misses you. The endoplasm completely misses you.
The kobold completely misses you. The kobold completely misses you.
The endoplasm freezes you.
You are frozen.
The kobold hits you with a +0 short sword.
The endoplasm completely misses you. The kobold misses you.
The endoplasm freezes you.
You are frozen.
The endoplasm freezes you.
You are frozen.
The kobold misses you. The kobold completely misses you.
The endoplasm closely misses you. The kobold completely misses you.
The endoplasm hits you. The kobold misses you. The endoplasm freezes you.
You are frozen.
The endoplasm completely misses you. The kobold completely misses you.
The kobold hits you with a +0 short sword.
The endoplasm freezes you.
You are frozen.
* * * LOW HITPOINT WARNING * * *
The endoplasm completely misses you. The kobold misses you.
The kobold misses you. The endoplasm barely misses you.
The kobold completely misses you. The endoplasm freezes you.
You are frozen.
* * * LOW HITPOINT WARNING * * *
The endoplasm freezes you.
You are frozen.
* * * LOW HITPOINT WARNING * * *
The kobold hits you with a +0 short sword.
You die...

############+#
#............#
#..$.........#
#............#
#............#
#...........?#
#......@.....#
#......KJ....#
#............#
#.....?......#
#............#
#............#
#........!...#
########+###.#
#.###


You could see an endoplasm and a kobold.

Vanquished Creatures
  2 adders (D:2)
  A worm (D:2)
  2 dart slugs (D:1)
  7 ball pythons
  6 bats
  An endoplasm (D:1)
  A giant cockroach (D:1)
  4 goblins
  3 hobgoblins
  5 frilled lizards
  5 kobolds (D:1)
37 creatures vanquished.

Vanquished Creatures (others)
  A plant (D:2)
1 creature vanquished.

Grand Total: 38 creatures vanquished

Notes
Turn   | Place    | Note
-------+----------+-------------------------------------------
     0 | D:1      | LLlMATKO the Spriggan Berserker began the quest for the
                  | Orb.
     0 | D:1      | Reached XP level 1. HP: 11/11 MP: 2/2
   150 | D:1      | Reached XP level 2. HP: 16/16 MP: 3/3
   668 | D:2      | Reached XP level 3. HP: 19/19 MP: 4/4
   898 | D:2      | Reached ** piety under Trog
   904 | D:2      | Identified the ring of Divine Compulsion {rN+ EV+5 Int+3
                  | Dex+3 Stlth+}
   997 | D:2      | Identified the +1 robe of Nupla {-Cast Rampage Str+7}
  1404 | D:3      | HP: 1/20 [frozen (3)]
  1404 | D:3      | Slain by a kobold

Illustrated notes

Levels and vault maps discovered:
D:1:      minmay_arrival_five_plusses, layout_loops_ring, minmay_small_reverse_x
D:2:      layout_basic, ebering_ecumenical_altar_petrified, nrook_campfire,
          serial_bayou_crossing
D:3:      layout_basic, grunt_dithmenos_smoke

Skill      XL: |  1  2  3 |
---------------+----------+-----
Fighting       | 3 |  3.0
Axes           | 3 |  3.0
Dodging        | |  4.9

Action                     || total
---------------------------++-------
  Melee: Hand axe          ||   122
 Invoke: Berserk           ||     1
   Stab: Sleeping          ||     4
 Armour: Animal skin       ||     8
  Dodge: Dodged            ||   269
